 Dungeon Crawl Stone Soup version 0.29-a0-284-gf9362112df (webtiles) character file.

Game seed: 3198391431037586015

4637 holysushi the Carver (level 10, -3/92 HPs)
             Began as a Merfolk Monk on Mar 27, 2022.
             Was a High Priest of Okawaru.
             Slain by a troll (12 damage)
             ... on level 10 of the Dungeon.
             The game lasted 00:19:50 (12823 turns).

holysushi the Carver (Merfolk Monk)                Turns: 12823, Time: 00:19:51

Health: -3/92      AC: -4    Str: 11    XL:     10   Next: 43%
Magic:  0/21       EV: 25    Int:  9    God:    Okawaru [*****.]
Gold:   414        SH:  0    Dex: 28    Spells: 9/9 levels left

rFire   . . .      SeeInvis .   a - +0 falchion
rCold   . . .      Faith    .   (no shield)
rNeg    + . .      Spirit   +   g - +3 leather armour {rN+}
rPois   .          Reflect  .   (no helmet)
rElec   .          Harm     .   (no cloak)
rCorr   .          Rampage  .   x - +0 pair of gloves
Will    .....                   (no boots)
Stlth   ++++......              q - amulet of guardian spirit
HPRegen 0.25/turn               i - +6 ring of dexterity
MPRegen 0.17/turn               b - ring of magical power

@: heroic, corroded, studying Fighting
A: (nimble swimmer 2), mertail
a: Renounce Religion, Heroism, Finesse, Duel


You were on level 10 of the Dungeon.
You worshipped Okawaru.
Okawaru was extremely pleased with you.
You visited 2 branches of the dungeon, and saw 11 of its levels.

You collected 414 gold pieces.

Inventory:

Hand Weapons
 a - a +0 falchion (weapon)
Missiles
 n - 6 throwing nets (quivered)
Armour
 g - a +3 leather armour of positive energy (worn)
 x - a +0 pair of gloves (worn)
Jewellery
 b - a ring of magical power (right hand)
 i - a +6 ring of dexterity (left hand)
 q - an amulet of guardian spirit (around neck)
 r - a ring of fire
 w - a ring of positive energy
Wands
 d - a wand of flame (13)
 y - a wand of iceblast (3)
Scrolls
 e - 4 scrolls of identify
 f - 3 scrolls of vulnerability
 k - a scroll of torment
 l - 4 scrolls of magic mapping
 o - 4 scrolls of enchant armour {unknown}
 s - 5 scrolls of immolation {unknown}
 u - a scroll of amnesia {unknown}
 v - 3 scrolls of teleportation {unknown}
Potions
 c - a potion of ambrosia
 j - 2 potions of flight
 m - a potion of might {unknown}
 p - 2 potions of heal wounds {unknown}
 t - 4 potions of lignification


   Skills:
 + Level 13.1(18.1) Fighting
 * Level 13.1(18.1) Long Blades
 + Level 8.6(13.6) Dodging
 - Level 2.1(7.1) Stealth
 - Level 3.0 Invocations


You had 9 spell levels left.
You didn't know any spells.
Your spell library contained the following spells:

 Spells                   Type           Power      Damage    Failure   Level
 Apportation              Tloc           0%         N/A       45%         1
 Sublimation of Blood     Necr           0%         N/A       61%         2
 Wereblood                Tmut           0%         N/A       61%         2
 Animate Skeleton         Necr           Unusable   N/A       N/A         1
 Summon Small Mammal      Summ           Unusable   N/A       N/A         1
 Call Canine Familiar     Summ           Unusable   N/A       N/A         3
 Summon Guardian Golem    Hex/Summ       Unusable   N/A       N/A         3
 Summon Hydra             Summ           Unusable   N/A       N/A         7

Dungeon Overview and Level Annotations

Branches:
Dungeon (10/15)            Temple (1/1) D:5
   Lair: D:8-11         Orc: D:9-12

Altars:
Ashenzari
Cheibriados
Dithmenos
Elyvilon
Fedhas
Gozag
Hepliaklqana
Kikubaaqudgha
Makhleb
Nemelex Xobeh
Okawaru
Qazlal
Ru
Sif Muna
Trog
Uskayaw
Vehumet
Wu Jian
Xom
Yredelemnul
Zin
The Shining One

Shops:
D:5 (

Annotations:
D:4 exclusion: downstairs
D:8 exclusion: downstairs


Innate Abilities, Weirdness & Mutations

((You are very nimble when in or above water. (Stealth+, EV+, Speed+++)))
Your lower body shifts to a powerful aquatic tail in water.


Message History

You hit the acid dragon but do no damage.
The acid dragon is severely wounded.
The acid dragon spits acid at you. The splash of acid hits you!!
The acid corrodes you!
You hit the acid dragon but do no damage.
The acid dragon is severely wounded.
The acid dragon misses you. The acid dragon claws you.
You hit the acid dragon but do no damage.
The acid dragon is severely wounded.
Unknown command.
The acid dragon spits acid at you. The splash of acid hits you!!!
* * * LOW HITPOINT WARNING * * *
Okay, then.
Okay, then.
Aiming: Iceblast
Press: ? - help, Shift-Dir - straight line, f - acid dragon
Aim: an acid dragon (severely wounded, catching its breath)
The mass of ice explodes!
The iceblast engulfs the acid dragon!
You kill the acid dragon!
Okawaru accepts your kill.
The iceblast engulfs the troll!
The troll is moderately wounded.
You feel better. The troll completely misses you. The troll barely misses you.
The troll completely misses you.
A wraith comes into view.
You feel better. The troll completely misses you. The troll barely misses you.
The troll claws you!
* * * LOW HITPOINT WARNING * * *
You feel better. The troll bites you!
* * * LOW HITPOINT WARNING * * *
The troll claws you.
* * * LOW HITPOINT WARNING * * *
The troll barely misses you.
Unknown command.
Okay, then.
Okay, then.
You gain the combat prowess of a mighty hero.
The troll bites you!
You die...

<........#
.........###
.........#>.#
.........#..#
...$.....#..#+##
.....W...#..#..#
.........#..#.<#
#'###'#.^# #.T@.....#
+........# #........#
#################...#
#.......#..'........#
#...))).#..#........#
#####'###########...#
#......#........#
#......#........#


You could see a troll and a wraith (wandering).

Vanquished Creatures
  Joseph (D:7)
  6 yaks (D:9)
  2 wyverns
  An acid dragon (D:10)
  2 ice beasts
  A black bear (D:5)
  3 orc warriors
  A sky beast (D:7)
  3 ogres
  A centaur (D:8)
  2 phantoms
  3 kobold brigands
  3 bullfrogs
  A gnoll sergeant (D:5)
  2 necrophages (D:5)
  5 scorpions
  6 howler monkeys
  3 orc priests
  2 hounds (D:5)
  An iguana (D:3)
  2 gnoll shamans
  Ijyb (D:3)
  9 orc wizards
  16 gnolls
  7 adders
  2 shadow imps (D:8)
  3 white imps
  An ufetubus (D:6)
  3 worms
  A dart slug (D:1)
  17 orcs
  7 endoplasms
  2 giant cockroaches
  6 goblins
  6 hobgoblins
  4 jackals (D:1)
  21 kobolds
  3 quokkas (D:1)
  3 training dummies (D:5)
  7 ball pythons
  4 bats
  7 frilled lizards
  8 rats
189 creatures vanquished.

Notes
Turn   | Place    | Note
-------+----------+-------------------------------------------
     0 | D:1      | holysushi the Merfolk Monk began the quest for the Orb.
     0 | D:1      | Reached XP level 1. HP: 18/18 MP: 1/1
   224 | D:1      | Reached XP level 2. HP: 19/24 MP: 2/2
  1138 | D:1      | Reached XP level 3. HP: 27/29 MP: 3/3
  1139 | D:1      | Reached skill level 5 in Long Blades
  1763 | D:2      | Identified a scroll of acquirement
  1763 | D:2      | Acquired a manual of Fighting
  2403 | D:3      | Reached XP level 4. HP: 37/37 MP: 4/4
  3031 | D:3      | Noticed Ijyb
  3065 | D:3      | Killed Ijyb
  3066 | D:3      | Reached skill level 5 in Fighting
  3066 | D:3      | Reached XP level 5. HP: 18/44 MP: 5/5
  4977 | D:5      | Entered Level 5 of the Dungeon
  5052 | D:4      | Reached XP level 6. HP: 48/52 MP: 6/6
  5096 | D:5      | Found Loonk's Firing Range.
  5153 | D:5      | Noticed a black bear
  5446 | D:5      | Found a staircase to the Ecumenical Temple.
  5461 | Temple   | Entered the Ecumenical Temple
  5596 | Temple   | Became a worshipper of Warmaster Okawaru
  5596 | Temple   | Reached * piety under Okawaru
  5596 | Temple   | Reached ** piety under Okawaru
  5949 | D:5      | Found a radiant altar of Vehumet.
  5956 | D:5      | Noticed an ice beast
  5970 | D:5      | Killed an ice beast
  5971 | D:5      | Reached skill level 1 in Invocations
  5971 | D:5      | Reached XP level 7. HP: 54/61 MP: 7/7
  6588 | D:5      | Reached XP level 8. HP: 35/71 MP: 9/9
  7175 | D:5      | Reached *** piety under Okawaru
  7460 | D:5      | Reached skill level 10 in Fighting
  8212 | D:6      | Reached skill level 5 in Dodging
  8609 | D:7      | Reached skill level 10 in Long Blades
  8770 | D:7      | Reached XP level 9. HP: 78/79 MP: 10/10
  9131 | D:7      | Noticed Joseph
  9649 | D:7      | Killed Joseph
  9649 | D:7      | Reached **** piety under Okawaru
 11003 | D:9      | Reached XP level 10. HP: 70/90 MP: 12/12
 11158 | D:9      | Reached ***** piety under Okawaru
 12695 | D:10     | Entered Level 10 of the Dungeon
 12823 | D:10     | Slain by a troll

Illustrated notes

Levels and vault maps discovered:
D:1:      mrwooster_arrival_arrow, layout_loops_ring, minmay_tromino_i4
D:2:      layout_loops_ring
D:3:      layout_loops_ring, minmay_misc_feat_nine_boxes, grunt_ministairs_8,
          lemuel_old_faithful, uniq_ijyb
D:4:      layout_basic
D:5:      minmay_skewed_foursquare, layout_rooms, nicolae_vehumet_radiance,
          minmay_temple_entry_mini_moons, nicolae_shop_firing_range
D:6:      layout_loops_ring
D:7:      layout_loops_ring, uniq_joseph
D:8:      layout_gridville
D:9:      layout_basic
D:10:     layout_grid_maze, mrwooster_statue_mirror
Temple:   kilobyte_greek_temple

Skill      XL: |  1  2  3  4  5  6  7  8  9 10 |
---------------+-------------------------------+-----
Long Blades    | 4 5 6 7 8 10 12 13 | 13.1
Fighting       | 5 6 7 9 10 12 13 | 13.1
Invocations    | 1 2 3 |  3.0
Dodging        | 5 7 8 |  8.6
Stealth        | |  2.1

Action                   |  1- 3 |  4- 6 |  7- 9 | 10-12 || total
-------------------------+-------+-------+-------+-------++-------
Melee: Falchion          |   107 |   181 |   370 |   146 ||   804
       Punch             |       |     2 |     3 |     8 ||    13
Invok: Heroism           |       |       |     4 |     3 ||     7
Evoke: Wand              |       |     6 |     8 |     1 ||    15
  Use: Scroll            |     5 |     3 |       |       ||     8
       Potion            |       |     7 |       |     3 ||    10
 Stab: Sleeping          |     2 |     8 |     5 |       ||    15
Armor: Robe              |    13 |       |       |       ||    13
       Leather armour    |     7 |    21 |    70 |    11 ||   109
       Skin              |       |    12 |       |       ||    12
Dodge: Dodged            |    79 |    97 |   278 |    93 ||   547

Table legend: (Time is in decaauts)
 A = Elapsed time spent in this place.
 B = Non-inter-level travel time spent in this place.
 C = Inter-level travel time spent in this place.
 D = Time resting spent in this place.
 E = Time spent auto-exploring this place.
 F = Levels seen in this place.
 G = Mean time per level.
                   A        B        C        D        E       F      G
               +--------+--------+--------+--------+--------+-----+--------+
         Total |  12705 |  12047 |    658 |   4491 |   4720 |  11 | 1155.0 |
       Dungeon |  12205 |  11583 |    622 |   4181 |   4598 |  10 | 1220.5 |
        Temple |    500 |    464 |     36 |    310 |    122 |   1 |  500.0 |
               +--------+--------+--------+--------+--------+-----+--------+

Top non-repeatable levels by time:
     D:7: 1866 daAuts
     D:9: 1665 daAuts
     D:1: 1639 daAuts
     D:4: 1511 daAuts
     D:5: 1496 daAuts
     D:3: 1265 daAuts
     D:2: 1163 daAuts
     D:6: 920 daAuts
     D:8: 561 daAuts
  Temple: 500 daAuts
    D:10: 115 daAuts
